 Dungeon Crawl Stone Soup version 0.29.1-15-g9cfb28693d (webtiles) character file.

Game seed: 12920500746223347069

67606 xSliceyx the Warrior (level 14, -6/113 (115) HPs)
             Began as a Demonspawn Fighter on Feb 23, 2023.
             Was a High Priest of Hepliaklqana.
             Mangled by an ogre
             ... wielding a +0 giant club
              (16 damage)
             ... while paralysed by an ogre mage
             ... on level 1 of the Orcish Mines on Feb 28, 2023.
             The game lasted 01:49:27 (28053 turns).

xSliceyx the Warrior (Demonspawn Fighter)          Turns: 28053, Time: 01:49:29

HP:   -6/113 (115)  AC: 18    Str: 31    XL:     14   Next: 83%
MP:   0/21          EV:  2    Int:  9    God:    Hepliaklqana [*****.]
Gold: 1780          SH:  0    Dex: 26    Spells: 13/13 levels left

rFire   + . .      SeeInvis +   o - +5 mace of Nightmares {protect, Str+7 Int-3 SInv Stlth+}
rCold   + . .      Faith    .   J - +0 tower shield
rNeg    . . .      Spirit   +   D - +1 chain mail {rC+}
rPois   +          Reflect  .   m - +0 helmet
rElec   .          Harm     +   t - scarf {rF+}
rCorr   .          Rampage  .   R - +0 pair of gloves
Will    +....                   (no boots)
Stlth   ++........              B - amulet of Muuxuot {Spirit Harm rPois Str-2 Int+3 Dex+7}
HPRegen 0.28/turn               U - +6 ring of strength
MPRegen 0.17/turn               y - +4 ring of protection

@: paralysed, agile, lightly drained
A: reduced essence, thin skeletal structure 2, powered by pain 1, demonic magic
1, weakness stinger 2
a: Renounce Religion, Recall Ancestor, Ancestor Identity, Transference, Idealise


You were on level 1 of the Orcish Mines.
You worshipped Hepliaklqana.
Hepliaklqana was extremely pleased with you.
You visited 4 branches of the dungeon, and saw 19 of its levels.
You also visited: Sewer and Ossuary.

You collected 1924 gold pieces.
You spent 144 gold pieces at shops.

Inventory:

Hand Weapons
 o - the +5 mace of Nightmares (weapon) {protect, Str+7 Int-3 SInv Stlth+}
   (You found it on level 3 of the Dungeon)

   It grants its wielder temporary protection when it strikes (+7 to AC).
   Str:       It affects your strength (+7).
   Int:       It affects your intelligence (-3).
   SInv:      It lets you see invisible.
   Stlth:     It makes you more stealthy.
 E - the +7 dagger "Qep Pus" {drain, rElec rC- rN++ Stlth+}
   (You found it on level 5 of the Dungeon)

   A truly terrible weapon, it drains the life of any living foe it strikes.
   rC:        It makes you vulnerable to cold.
   rElec:     It insulates you from electricity.
   rN:        It greatly protects you from negative energy.
   Stlth:     It makes you more stealthy.
Missiles
 C - 47 poisoned darts (quivered)
 S - 10 curare-tipped darts
Armour
 m - a +0 helmet (worn)
 t - a scarf of fire resistance (worn)
 D - a +1 chain mail of cold resistance (worn)
 J - a +0 tower shield (worn)
 Q - a +2 buckler
 R - a +0 pair of gloves (worn)
 T - the +0 ice dragon scales of Courage {rF- rC++ Int+2}
   (You found it on level 5 of the Lair of Beasts)

   Int:       It affects your intelligence (+2).
   rF:        It makes you vulnerable to fire.
   rC:        It greatly protects you from cold.
Jewellery
 a - a ring of protection from fire
 y - a +4 ring of protection (right hand)
 B - the amulet of Muuxuot (around neck) {Spirit Harm rPois Str-2 Int+3 Dex+7}
   (You found it on level 4 of the Dungeon)

   [amulet of guardian spirit]

   It causes incoming damage to be divided between your reserves of health and
   magic.
   Str:       It affects your strength (-2).
   Int:       It affects your intelligence (+3).
   Dex:       It affects your dexterity (+7).
   rPois:     It protects you from poison.
   Harm:      It increases damage dealt and taken.
 U - a +6 ring of strength (left hand)
 W - a ring of protection from cold
Wands
 e - a wand of light (5)
 u - a wand of iceblast (3)
 v - a wand of flame (39)
 H - a wand of paralysis (14)
 P - a wand of digging (14)
Scrolls
 g - 3 scrolls of butterflies
 j - 4 scrolls of silence
 l - 7 scrolls of teleportation
 n - 3 scrolls of blinking
 q - 3 scrolls of magic mapping
 G - 2 scrolls of fear
 I - 2 scrolls of summoning
Potions
 b - 5 potions of resistance
 d - 6 potions of might
 f - 3 potions of lignification
 h - 10 potions of curing
 i - a potion of flight {unknown}
 r - 11 potions of ambrosia
 s - a potion of berserk rage {unknown}
 w - 3 potions of haste
 z - 5 potions of heal wounds
 K - 3 potions of magic {unknown}
 N - 2 potions of cancellation {unknown}
 V - a potion of experience {unknown}
Miscellaneous
 L - a lightning rod (inert)


   Skills:
 - Level 17.3 Fighting
 - Level 1.7 Axes
 + Level 8.1 Armour
 - Level 12.0 Shields
 - Level 10.0 Invocations
 - Level 12.0 Evocations


You had 13 spell levels left.
You didn't know any spells.
Your spell library contained the following spells:

 Spells                   Type           Power      Damage    Failure   Level
 Beastly Appendage        Tmut           0%         N/A       100%        1
 Freeze                   Ice            0%         1d3       100%        1
 Sandblast                Erth           0%         2d4       100%        1
 Slow                     Hex            0%         N/A       100%        1
 Ensorcelled Hibernation  Hex/Ice        0%         N/A       100%        2
 Passwall                 Tmut/Erth      0%         N/A       100%        2
 Poisonous Vapours        Pois/Air       0%         N/A       100%        2
 Scorch                   Fire           0%         2d5       100%        2
 Wereblood                Tmut           0%         N/A       100%        2
 Confusing Touch          Hex            0%         N/A       100%        3
 Frozen Ramparts          Ice            0%         1d1       100%        3
 Gell's Gravitas          Tloc           0%         N/A       100%        3
 Lesser Beckoning         Tloc           0%         N/A       100%        3
 Spider Form              Tmut/Pois      0%         N/A       100%        3
 Stone Arrow              Conj/Erth      0%         3d7       100%        3
 Swiftness                Air            0%         N/A       100%        3
 Teleport Other           Tloc           0%         N/A       100%        3
 Vampiric Draining        Necr           0%         2d6       100%        3
 Animate Dead             Necr           0%         N/A       100%        4
 Corpse Rot               Necr/Pois/Air  0%         N/A       100%        4
 Hailstorm                Conj/Ice       0%         3d3       100%        4
 Borgnjor's Vile Clutch   Necr/Erth      0%         N/A       100%        5
 Iskenderun's Battlesphe  Conj           0%         2d6       100%        5
 Death Channel            Necr           0%         N/A       100%        6
 Iron Shot                Conj/Erth      0%         9d1       100%        6
 Spellforged Servitor     Conj/Summ      0%         N/A       100%        7
 Necromutation            Tmut/Necr      0%         N/A       100%        8
 Fire Storm               Conj/Fire      0%         5d1       100%        9


Dungeon Overview and Level Annotations

Branches:
Dungeon (11/15)            Temple (1/1) D:6            Lair (5/5) D:8
  Swamp (0/4) Lair:3       Spider (0/4) Lair:3        Slime (0/5) Lair:4
    Orc (2/2) D:9             Elf (0/3) Orc:2         Sewer (visited)
Ossuary (visited)

Altars:
Ashenzari
Cheibriados
Dithmenos
Fedhas
Gozag
Hepliaklqana
Kikubaaqudgha
Makhleb
Nemelex Xobeh
Okawaru
Qazlal
Ru
Sif Muna
Trog
Uskayaw
Vehumet
Wu Jian
Xom
Yredelemnul
Jiyva

Shops:
D:7 [   D:11 *(   Orc:2 *

Annotations:
D:8 1 runed translucent door, wolfrpgdude's ghost, novice MiFi
D:10 exclusion: orange crystal statue
Lair:5 exclusion: obsidian statue
Orc:2 3 runed translucent doors, exclusion: obsidian statue, AverageBear's ghost, journeyman DsFi


Innate Abilities, Weirdness & Mutations

Your life essence is reduced to manifest your ancestor. (-10% HP)
You have a moderately thin skeletal structure. (Dex +4, Stealth++)
You sometimes gain a little power by taking damage.
Spells you cast may paralyse adjacent enemies.
You have a tail ending in a sharp stinger.


Message History

You climb upwards.
There is a stone staircase leading down, spattered with blood here.
You sock the ogre mage!
Your weapon exudes an aura of protection.
The ogre mage is moderately wounded.
You block the ogre mage's attack. You block the orc wizard's attack.
The ogre mage gestures at you while chanting.
The bolt of magma hits you!! You partially resist. You block the ogre's attack.
Unknown command.
You hit the ogre mage but do no damage.
The ogre mage is moderately wounded.
You block the orc wizard's attack. You block the ogre mage's attack.
The ogre mage completely misses you.
The orc wizard hits you but does no damage.
The ogre hits you with a +0 giant club!
Unknown command.
Unknown command.
You closely miss the orc wizard.
The ogre mage gestures at you while chanting.
You suddenly lose the ability to move!
The ogre mage hits you but does no damage.
The orc wizard gestures wildly while chanting.
The orc wizard flickers and vanishes for a moment.
The ogre mage hits you with a +0 flail. The ogre barely misses you.
The orc wizard hits you but does no damage.
The ogre mage barely misses you.
The orc wizard hits you with a +0 dagger.
The ogre mage casts a spell at you. The bolt of magma hits you!!
You partially resist.
The ogre hits you with a +0 giant club!!
* * * LOW HITPOINT WARNING * * *
You focus on the pain.
You feel agile all of a sudden. The ogre mage hits you with a +0 flail.
* * * LOW HITPOINT WARNING * * *
The ogre mage casts a spell.
The ogre mage flickers and vanishes for a moment.
The orc wizard hits you but does no damage.
The ogre hits you with a +0 giant club!
You die...

#.....)).#.#####.##
#.....)##### ###
......).##.##
......))....##
.............##
......##......# ###
..##...#......####.##
...##.#........##O..#
.....##.......##@O.##
...........#..##oO.#
...........######[.##
...........# #.....##
#..........# #......#
#....[.########[...#####
.........###.#......##.##
.........#..............#
.......................##


You could see 2 ogre magi, an ogre and an orc wizard (invisible).

Vanquished Creatures
  Jorgrun (Orc:2)
  An orc warlord (Orc:2)
  3 dire elephants (Lair:5)
  An ettin (Orc:2)
  An ogre mage (Orc:1)
  2 two-headed ogres (D:9)
  A catoblepas (Lair:3)
  A hydra (Lair:4)
  3 boulder beetles
  2 death yaks (Lair:5)
  A spectral dire elephant (Lair:5)
  Nergalle (Lair:2)
  A spectral anaconda (Lair:5)
  Pikel (D:9)
  2 necromancers (Lair:5)
  2 oklob plants (Lair:5)
  2 cyclopes (D:11)
  A manticore (D:11)
  3 orc sorcerers
  2 black mambas
  4 elephants
  A dire elephant zombie (Lair:5)
  8 cane toads
  2 rime drakes
  2 kobold demonologists
  4 komodo dragons
  4 trolls
  A queen bee (D:10)
  A polar bear (Lair:5)
  2 hornets
  2 blink frogs
  3 slime creatures (D:11)
  3 dream sheep (Lair:5)
  Sigmund (D:5)
  A culicivora (Lair:3)
  45 yaks
  A vampire (D:11)
  2 shadows
  2 basilisks
  2 wyverns
  A wraith (D:11)
  A steam dragon (D:7)
  Menkaure (D:5)
  A warg (Orc:2)
  A spectral cane toad (Lair:5)
  Edmund (D:5)
  2 acid dragons
  4 water moccasins
  18 orc warriors
  3 black bears
  3 sky beasts (D:6)
  2 ice beasts (D:6)
  7 centaurs
  9 ogres
  2 elephant skeletons (Lair:5)
  3 necrophages
  10 bullfrogs
  A cane toad simulacrum (Lair:5)
  7 kobold brigands
  2 gnoll sergeants
  A scorpion (D:7)
  2 elf skeletons (D:8)
  4 wights (D:8)
  A hexer (Lair:2)
  26 killer bees
  A howler monkey (D:6)
  3 electric eels (Lair:2)
  4 jellies
  2 human zombies (D:8)
  16 orc priests
  A gnoll bouda (D:5)
  7 hounds
  A human skeleton (D:8)
  16 orc wizards
  Terence (D:3)
  3 iguanas (D:6)
  10 mummies (Ossuary)
  14 gnolls
  10 adders
  2 river rats (Sewer)
  A shadow imp (D:6)
  7 worms
  2 dart slugs
  52 orcs
  A bat (D:1)
  10 endoplasms
  7 giant cockroaches
  6 goblins
  10 hobgoblins
  5 jackals
  9 quokkas
  13 ball pythons
  5 frilled lizards
  2 gnoll skeletons (Ossuary)
  A goblin skeleton (Ossuary)
  15 kobolds
  4 kobold skeletons (Ossuary)
  3 orc skeletons
  3 orc zombies (D:8)
  12 rats
  11 rat skeletons (Ossuary)
506 creatures vanquished.

Vanquished Creatures (collateral kills)
  A dire elephant (Lair:5)
  A hydra (Lair:5)
  Erolcha (D:10)
  A catoblepas (Lair:3)
  A centaur warrior (D:11)
  5 death yaks (Lair:5)
  A spectral death yak (Lair:5)
  2 necromancers (Lair:5)
  An orc knight (Orc:2)
  2 orc sorcerers (Orc:2)
  2 manticores (D:11)
  8 elephants
  A black mamba (Lair:2)
  5 cane toads
  5 komodo dragons
  An unseen horror (D:11)
  A dire elephant skeleton (Lair:5)
  A rime drake (Lair:3)
  A kobold demonologist (D:9)
  2 polar bears
  4 blink frogs
  3 dream sheep (Lair:5)
  A slime creature (D:11)
  A wyvern (Lair:5)
  14 yaks
  A wraith (D:10)
  A steam dragon (Lair:4)
  A vampire mosquito (D:11)
  2 wargs
  A spectral cane toad (Lair:5)
  7 water moccasins
  3 orc warriors (Orc:1)
  3 ogres
  A centaur (D:10)
  An elephant skeleton (Lair:5)
  2 bullfrogs
  3 killer bees (D:10)
  3 orc priests
  9 orc wizards
  2 mummies (Ossuary)
  2 gnolls (D:8)
  13 orcs
  5 kobolds (D:9)
  An orc skeleton (D:8)
127 creatures vanquished.

Vanquished Creatures (others)
  An electric eel (Lair:2)
  20 hexers
  4 ancestors
  An orc (Orc:2)
  An endoplasm (D:4)
  A ball python (D:4)
  23 fungi
  48 plants
  33 withered plants (Lair:5)
132 creatures vanquished.

Grand Total: 765 creatures vanquished

Notes
Turn   | Place    | Note
-------+----------+-------------------------------------------
     0 | D:1      | xSliceyx the Demonspawn Fighter began the quest for the
                  | Orb.
     0 | D:1      | Reached XP level 1. HP: 18/18 MP: 1/1
   447 | D:1      | Gained mutation: You have a somewhat thin skeletal
                  | structure. (Dex +2, Stealth+) [demonic ancestry]
   447 | D:1      | Reached XP level 2. HP: 24/24 MP: 2/2
   919 | D:1      | Gained mutation: You sometimes gain a little power by
                  | taking damage. [demonic ancestry]
   919 | D:1      | Reached XP level 3. HP: 29/29 MP: 3/3
  2247 | D:2      | Gained mutation: You have a small tail. [demonic ancestry]
  2247 | D:2      | Reached XP level 4. HP: 33/35 MP: 4/4
  2606 | D:3      | Noticed Terence
  2659 | D:3      | Identified the +5 mace of Nightmares {protect, Str+7 Int-3
                  | SInv Stlth+}
  2675 | D:3      | Killed Terence
  2739 | D:3      | Reached skill level 5 in Shields
  2808 | D:3      | Gained mutation: You have a moderately thin skeletal
                  | structure. (Dex +4, Stealth++) [demonic ancestry]
  2808 | D:3      | Reached XP level 5. HP: 25/41 MP: 5/5
  3475 | D:4      | Noticed an ogre
  3481 | D:4      | Killed an ogre
  3562 | D:4      | Reached XP level 6. HP: 40/47 MP: 6/6
  4224 | D:4      | Reached skill level 5 in Armour
  4251 | D:4      | Identified the amulet of Muuxuot {Spirit Harm rPois Str-2
                  | Int+3 Dex+7}
  4617 | D:5      | Entered Level 5 of the Dungeon
  4638 | D:5      | Noticed Edmund
  4651 | D:5      | Killed Edmund
  4696 | D:5      | Noticed Sigmund
  4697 | D:5      | Noticed Menkaure
  4700 | D:5      | Killed Menkaure
  4701 | D:5      | Gained mutation: You have a tail ending in a sharp stinger.
                  | [demonic ancestry]
  4701 | D:5      | Reached XP level 7. HP: 47/52 MP: 7/7
  4703 | D:5      | Killed Sigmund
  4816 | D:5      | Found a glowing drain.
  4820 | Sewer    | Entered a sewer
  5242 | Sewer    | Gained mutation: Spells you cast may paralyse adjacent
                  | enemies. [demonic ancestry]
  5242 | Sewer    | Reached XP level 8. HP: 58/58 MP: 8/8
  5638 | Sewer    | Reached skill level 4 in Fighting
  5823 | D:5      | Identified the +7 dagger "Qep Pus" {drain, rElec rC- rN++
                  | Stlth+}
  6047 | D:5      | Reached skill level 5 in Fighting
  6304 | D:5      | Reached skill level 6 in Fighting
  6985 | D:6      | Reached skill level 7 in Fighting
  7396 | D:6      | Reached XP level 9. HP: 74/74 MP: 9/9
  7406 | D:6      | Reached skill level 8 in Fighting
  7424 | D:6      | Found a staircase to the Ecumenical Temple.
  7433 | Temple   | Entered the Ecumenical Temple
  7530 | Temple   | Became a worshipper of Hepliaklqana the Forgotten
  7864 | D:6      | Reached skill level 9 in Fighting
  8218 | D:7      | Reached skill level 10 in Fighting
  8294 | D:7      | Found Cheibriados's Comfort Zone.
  8296 | D:7      | Found a snail-covered altar of Cheibriados.
  8436 | D:7      | Reached * piety under Hepliaklqana
  8624 | D:7      | Reached skill level 1 in Evocations
  8887 | D:8      | Found a staircase to the Lair.
  8887 | D:8      | Noticed a komodo dragon
  8957 | D:8      | Killed a komodo dragon
  8992 | D:8      | Reached skill level 5 in Evocations
  9045 | D:8      | Found a sand-covered staircase.
  9057 | Ossuary  | Entered an ossuary
  9220 | Ossuary  | Reached XP level 10. HP: 67/76 MP: 8/10
  9986 | D:8      | Found a runed translucent door.
  9988 | D:8      | Found a shimmering altar of Xom.
  9988 | D:8      | Noticed wolfrpgdude's ghost (novice MiFi)
  9989 | D:8      | Noticed a +0 spear of chaos
 10965 | D:9      | Found an ancient bone altar of Kikubaaqudgha.
 11140 | D:9      | Found a sacrificial altar of Ru.
 11140 | D:9      | Found a shimmering altar of Xom.
 11205 | D:9      | Found a staircase to the Orcish Mines.
 11321 | D:9      | Noticed a two-headed ogre
 11326 | D:9      | Killed a two-headed ogre
 11480 | D:9      | Found a stormy altar of Qazlal.
 11487 | D:9      | Reached ** piety under Hepliaklqana
 11489 | D:9      | Remembered your ancestor Izel as a hexer
 11497 | D:9      | Reached skill level 11 in Fighting
 11544 | D:9      | Noticed Pikel
 11557 | D:9      | Killed Pikel
 11590 | D:9      | Reached skill level 12 in Fighting
 11616 | D:9      | Reached XP level 11. HP: 62/85 MP: 11/11
 11768 | D:9      | Noticed a two-headed ogre
 11784 | D:9      | Killed a two-headed ogre
 12199 | D:10     | Entered Level 10 of the Dungeon
 12212 | D:10     | Identified the +1 robe of the Good {*Corrode rPois rC+}
 12258 | D:10     | Noticed an orange crystal statue
 12313 | D:10     | Found a snail-covered altar of Cheibriados.
 12377 | D:10     | Noticed Erolcha
 12437 | D:9      | Reached skill level 13 in Fighting
 13201 | D:10     | Reached skill level 14 in Fighting
 13291 | D:10     | Killed Erolcha
 13675 | D:11     | Found Simuf's Fire Supplies.
 14059 | D:11     | Noticed a boulder beetle
 14079 | D:11     | Killed a boulder beetle
 14079 | D:11     | Noticed a centaur warrior
 14080 | D:11     | Reached skill level 15 in Fighting
 14085 | D:11     | Killed a centaur warrior
 14086 | D:11     | Reached XP level 12. HP: 65/98 MP: 9/12
 14540 | D:11     | Found Komneb's Antique Weapon Shop.
 14617 | D:11     | Reached *** piety under Hepliaklqana
 14652 | D:11     | Reached skill level 10 in Evocations
 15467 | Lair:1   | Entered Level 1 of the Lair of Beasts
 15510 | Lair:1   | Noticed a boulder beetle
 15518 | Lair:1   | Killed a boulder beetle
 15734 | Lair:1   | Reached skill level 16 in Fighting
 16691 | Lair:2   | Noticed Nergalle
 16704 | Lair:2   | Killed Nergalle
 17567 | Lair:2   | Reached **** piety under Hepliaklqana
 17593 | Lair:2   | Reached XP level 13. HP: 94/107 MP: 13/13
 18225 | D:11     | Bought a scarf of fire resistance for 144 gold pieces
 18961 | Lair:3   | Found a hole to the Spider Nest.
 19320 | Lair:3   | Reached skill level 17 in Fighting
 19320 | Lair:3   | Reached skill level 1 in Invocations
 19412 | Lair:3   | Found a staircase to the Swamp.
 20336 | Lair:4   | Found a viscous altar of Jiyva.
 20337 | Lair:4   | Found a staircase to the Slime Pits.
 20499 | Lair:4   | Reached skill level 5 in Invocations
 21534 | Lair:5   | Entered Level 5 of the Lair of Beasts
 21534 | Lair:5   | Found a shimmering altar of Xom.
 21648 | Lair:5   | Reached ***** piety under Hepliaklqana
 22273 | Lair:5   | Identified the +1 robe "Fuot" {rElec Int+2}
 22368 | Lair:5   | Reached XP level 14. HP: 115/115 MP: 19/21
 22571 | Lair:5   | Identified the +1 robe of Henotheism {Rampage rC+ Will-}
 23060 | Lair:5   | Reached skill level 10 in Invocations
 24881 | Lair:5   | Reached skill level 10 in Shields
 25099 | Lair:5   | Identified the +0 ice dragon scales of Courage {rF- rC++
                  | Int+2}
 25479 | Orc:1    | Entered Level 1 of the Orcish Mines
 26289 | Orc:1    | Got the Spellbook of Calorific Evolution
 26444 | Orc:2    | Entered Level 2 of the Orcish Mines
 26586 | Orc:2    | Noticed Jorgrun
 26853 | Orc:2    | Killed Jorgrun
 27217 | Orc:2    | Found a staircase to the Elven Halls.
 27321 | Orc:2    | Found a shimmering altar of Xom.
 27332 | Orc:2    | Noticed an orc warlord
 27342 | Orc:2    | Killed an orc warlord
 27393 | Orc:2    | Found a runed translucent gate.
 27393 | Orc:2    | Found a runed translucent gate.
 27393 | Orc:2    | Found a runed translucent gate.
 27550 | Orc:2    | Found an opulent altar of Gozag.
 27631 | Orc:2    | Found Ipogolidd's Assorted Antiques.
 27631 | Orc:2    | Noticed AverageBear's ghost (journeyman DsFi)
 28050 | Orc:1    | Paralysed by an ogre mage for 5 turns
 28053 | Orc:1    | Mangled by an ogre

Illustrated notes

Levels and vault maps discovered:
D:1:      dpeg_cavernosity, layout_loops_ring
D:2:      layout_loops_corners, minmay_pentomino_r4
D:3:      layout_basic, mainiacjoe_overflow_surrounded_room, uniq_terence
D:4:      minmay_chambers_of_twos, layout_basic, lemuel_flame_loot_1
D:5:      layout_layer_cave, gup_sewer_entry_spiral, hex_tiny,
          grunt_decor_resistance, uniq_edmund, uniq_sigmund, uniq_menkaure
D:6:      layout_cave_pools, minmay_temple_entry_mini_moons,
          wad_floor_pattern_1, grunt_ministairs_11,
          chequers_serial_rivers_micro_b
D:7:      minmay_angry_zag, layout_cave_pools, minmay_shop_chei
D:8:      layout_cave_pods, david_lair_shrubbed, ebering_ghost_xom,
          nicolae_ossuary_entry_catacombs
D:9:      layout_small_grid, nicolae_qazlal_general_emergency,
          gammafunk_temple_overflow_elements,
          mainiacjoe_overflow_six_doors_small, orc_0_dummy, uniq_pikel
D:10:     layout_gridville, cheibriados_altar_1, special_room
          [special_room_bee], minmay_protected_statue, uniq_erolcha
D:11:     minmay_ornate_pinched, layout_loops_ring, serial_shops, shop,
          nicolae_shop_fire_sale [nicolae_sub_dead_trees]
Temple:   lightli_temple_of_artemis
Lair:1:   layout_regular_city, lemuel_fruit_tree
Lair:2:   layout_cave_pods, serial_bayou, serial_bayou_pond_e,
          serial_bayou_shore_a, serial_bayou_lake_a, serial_bayou_lagoon_a,
          st_stairs_7, uniq_nergalle
Lair:3:   layout_misc_corridors, swamp_mist, spider_nest_entry_rubble
Lair:4:   layout_long_grid, slime_entry_1, serial_bayou_shore_b,
          serial_bayou_shore_b
Lair:5:   due_jungle_book, layout_cave_pods, lemuel_oklob_altar
Orc:1:    layout_diamond_mine, mines4_lemuel
Orc:2:    kennysheep_orc_mage_school, layout_caves, ebering_ghost_gozag,
          basic_altar, uniq_jorgrun

Skill      XL: |  1  2  3  4  5  6  7  8  9 10 11 12 13 14 |
---------------+-------------------------------------------+-----
Shields        | 3 4 5 7 12 | 12.0
Armour         | 3 4 6 8 |  8.1
Fighting       | 7 10 12 15 16 17 | 17.3
Evocations     | 5 8 9 11 12 | 12.0
Invocations    | 9 10 | 10.0
Axes           | |  1.7

Action                   |  1- 3 |  4- 6 |  7- 9 | 10-12 | 13-15 || total
-------------------------+-------+-------+-------+-------+-------++-------
Melee: War axe           |   101 |    17 |       |       |       ||   118
       Mace              |       |    99 |   339 |   597 |   596 ||  1631
       Tailslap          |       |    16 |    54 |   113 |   151 ||   334
       Dagger            |       |       |     1 |     3 |       ||     4
Throw: Dart              |       |       |     1 |    15 |     6 ||    22
Invok: Ancestor Life: He |       |       |       |     1 |       ||     1
       Ancestor Identity |       |       |       |     1 |       ||     1
       Idealise          |       |       |       |       |     2 ||     2
       Recall Ancestor   |       |       |       |       |     1 ||     1
Evoke: Wand              |       |     6 |     3 |    14 |    34 ||    57
       Lightning rod     |       |       |       |       |     9 ||     9
  Use: Scroll            |       |     8 |     2 |    12 |    13 ||    35
       Potion            |       |     2 |       |     2 |     1 ||     5
 Stab: Sleeping          |     1 |     6 |    12 |     3 |     2 ||    24
       Invisible         |       |       |     2 |       |       ||     2
       Distracted        |       |       |     1 |     8 |    19 ||    28
       Confused          |       |       |       |    16 |     9 ||    25
       Paralysed         |       |       |       |     3 |    19 ||    22
       Petrifying        |       |       |       |       |     1 ||     1
Armor: Scale mail        |    38 |    58 |    23 |       |       ||   119
       Chain mail        |       |       |   167 |   377 |   341 ||   885
       Skin              |       |       |       |    12 |       ||    12
Dodge: Dodged            |    32 |    55 |   118 |   241 |   213 ||   659
Block: Buckler           |    17 |    32 |   104 |   313 |   290 ||   756
       Tower shield      |       |       |       |       |    21 ||    21
